 Dungeon Crawl Stone Soup version 0.29.1-13-g9f3cf754e1 (webtiles) character file.

Game seed: 14164369946124182867

1643 KittyFluff the Cudgeller (level 8, 0/76 HPs)
             Began as a Gargoyle Berserker on Feb 6, 2023.
             Was a Priest of Trog.
             Slain by a sky beast (2 damage)
             ... on level 7 of the Dungeon.
             The game lasted 00:19:55 (7118 turns).

KittyFluff the Cudgeller (Gargoyle Berserker)       Turns: 7118, Time: 00:19:56

Health: 0/76       AC:  9    Str: 20    XL:     8   Next: 99%
Magic:  0/8        EV: 13    Int:  9    God:    Trog [***...]
Gold:   337        SH:  0    Dex: 11    Spells: 7/7 levels left

rFire   . . .      SeeInvis .   a - +0 mace
rCold   . . .      Faith    .   (no shield)
rNeg    + . .      Spirit   +   s - +0 leather armour
rPois   ∞          Reflect  .   (no helmet)
rElec   +          Harm     .   (no cloak)
rCorr   +          Rampage  .   (no gloves)
Will    .....                   (no boots)
Stlth   ..........              k - amulet of guardian spirit
HPRegen 0.22/turn               y - ring of resist corrosion
MPRegen 0.11/turn               (no ring)

@: berserking (expiring), very quick
A: sickness immunity, AC +5, negative energy resistance 1, electricity
resistance, torment resistance 1, petrification resistance
a: Renounce Religion, Berserk, Trog's Hand


You were on level 7 of the Dungeon.
You worshipped Trog.
Trog was most pleased with you.
You visited 1 branch of the dungeon, and saw 8 of its levels.

You collected 337 gold pieces.

Inventory:

Hand Weapons
 a - a +0 mace (weapon)
 d - a +0 sling
 h - a +0 morningstar
 E - a +0 flail
Missiles
 b - 6 poisoned darts
 f - 79 stones (quivered)
 u - 2 boomerangs
Armour
 l - a +0 ring mail
 s - a +0 leather armour (worn)
 B - a +0 chain mail
Jewellery
 k - an amulet of guardian spirit (around neck)
 y - a ring of resist corrosion (left hand)
Wands
 m - a wand of charming (4)
 w - a wand of light (15)
Scrolls
 c - a scroll of magic mapping {unknown}
 e - a scroll of silence {unknown}
 g - 2 scrolls of poison {unknown}
 i - a scroll of fear {unknown}
 j - 2 scrolls of teleportation {unknown}
 o - 2 scrolls of fog {unknown}
 p - 4 scrolls of amnesia {unknown}
 t - a scroll of vulnerability {unknown}
 v - 2 scrolls of enchant weapon {unknown}
 z - a scroll of immolation {unknown}
 C - 2 scrolls of brand weapon {unknown}
Potions
 n - 3 potions of mutation
 q - a potion of might
 r - 3 potions of haste {unknown}
 x - a potion of resistance {unknown}
 A - a potion of degeneration {unknown}
 D - a potion of curing {unknown}


   Skills:
 + Level 6.2 Fighting
 + Level 7.8 Maces & Flails
 * Level 4.9 Armour
 + Level 4.4 Dodging
 + Level 2.4 Stealth


You had 7 spell levels left.
You didn't know any spells.
Your spell library was empty.

Dungeon Overview and Level Annotations

Branches:
Dungeon (8/15)             Temple (0/1) D:6
   Lair: D:8-11

Altars:
Ashenzari
Vehumet


Innate Abilities, Weirdness & Mutations

You are immune to sickness and miasma.
Your stone body is resilient. (AC +5)
You are immune to poison.
You resist negative energy. (rN+)
You are resistant to electric shocks. (rElec)
You are resistant to unholy torment.
You are immune to petrification.


Message History

A red film seems to cover your vision as you go berserk!
You feel yourself moving faster!
You feel mighty!
You are engulfed in a cloud of scalding steam.
* * * LOW HITPOINT WARNING * * *
The steam dragon closely misses you.
The steam dragon claws you but does no damage.
A sky beast appears from thin air!
Reactivating autopickup.
You sock the steam dragon!
The steam dragon is almost dead.
The steam dragon bites you but does no damage.
The steam dragon claws you but does no damage.
You barely miss the steam dragon.
The steam dragon is almost dead.
You are engulfed in a cloud of scalding steam.
You hit the steam dragon.
The steam dragon is almost dead.
The steam dragon bites you!
* * * LOW HITPOINT WARNING * * *
The steam dragon claws you but does no damage.
You closely miss the steam dragon.
The steam dragon is almost dead.
The steam dragon bites you but does no damage.
The steam dragon claws you.
* * * LOW HITPOINT WARNING * * *
You hit the steam dragon.
You kill the steam dragon!
Trog accepts your kill.
You hit the sky beast.
The sky beast is lightly wounded.
The sky beast hits you.
* * * LOW HITPOINT WARNING * * *
The sky beast shocks you. You resist.
* * * LOW HITPOINT WARNING * * *
You sock the sky beast!
The sky beast is heavily wounded.
You thump the sky beast!
The sky beast is almost dead.
The sky beast hits you.
You die...

#..# ########..#
..........#
.########.# .#
#.# )# #.# .#
#.# ##### .#
#.########......
.#
#.......@Y......
(#
##########.###..
.# # .# .# ## .#
.. .#######.#
.........##
####......#


You could see a sky beast.

Vanquished Creatures
  A steam dragon (D:7)
  Menkaure (D:6)
  2 water moccasins (D:6)
  2 black bears
  An ogre (D:4)
  A centaur (D:5)
  2 phantoms (D:4)
  A necrophage (D:4)
  A gnoll sergeant (D:5)
  2 scorpions (D:5)
  2 hounds
  An orc priest (D:3)
  An iguana (D:4)
  4 orc wizards
  9 gnolls (D:5)
  5 adders
  A shadow imp (D:7)
  A white imp (D:5)
  2 worms
  4 dart slugs
  17 orcs
  4 endoplasms
  5 giant cockroaches
  3 goblins
  7 hobgoblins
  12 kobolds
  3 quokkas
  5 ball pythons
  7 bats
  4 rats
111 creatures vanquished.

Notes
Turn   | Place    | Note
-------+----------+-------------------------------------------
     0 | D:1      | KittyFluff the Gargoyle Berserker began the quest for the
                  | Orb.
     0 | D:1      | Reached XP level 1. HP: 14/14 MP: 1/1
   492 | D:1      | Reached XP level 2. HP: 18/19 MP: 2/2
   858 | D:1      | Reached XP level 3. HP: 20/24 MP: 1/3
   906 | D:1      | Reached ** piety under Trog
  1096 | D:2      | Found a broken altar of Ashenzari.
  1263 | D:2      | Found a faded altar of an unknown god.
  1696 | D:3      | Reached skill level 4 in Maces & Flails
  1732 | D:3      | Reached XP level 4. HP: 19/29 MP: 1/4
  2558 | D:3      | Reached XP level 5. HP: 15/33 MP: 2/5
  2572 | D:3      | HP: 1/33 [orc priest/+0 club (1)]
  3317 | D:4      | Noticed a black bear
  3326 | D:3      | Killed a black bear
  3327 | D:3      | Reached skill level 5 in Maces & Flails
  3327 | D:3      | Reached XP level 6. HP: 6/39 MP: 0/6
  3985 | D:4      | Reached skill level 1 in Stealth
  4189 | D:4      | Found a radiant altar of Vehumet.
  4273 | D:4      | Reached XP level 7. HP: 35/44 MP: 5/7
  4510 | D:5      | Entered Level 5 of the Dungeon
  4665 | D:4      | Reached skill level 5 in Fighting
  4665 | D:4      | Reached skill level 6 in Maces & Flails
  4774 | D:5      | Reached *** piety under Trog
  5540 | D:5      | Reached XP level 8. HP: 48/49 MP: 8/8
  5641 | D:5      | HP: 1/75 [gnoll/+0 whip[a gnoll sergeant] (6)]
  6355 | D:5      | Reached skill level 7 in Maces & Flails
  6588 | D:6      | Noticed Menkaure
  6599 | D:6      | Killed Menkaure
  6884 | D:6      | Found a staircase to the Ecumenical Temple.
  6908 | D:6      | You fall into a shaft and drop 2 floors!
  7116 | D:7      | HP: 3/76 [sky beast (2)]
  7118 | D:7      | Slain by a sky beast

Illustrated notes

Levels and vault maps discovered:
D:1:      dpeg_arrival_chambers_temple_mockup, layout_rooms,
          reono_crystal_passage
D:2:      layout_basic, dreamdust_ecumenical_altar_statues, basic_altar
D:3:      minmay_general_purpose_star, layout_basic
D:4:      layout_basic, nicolae_vehumet_radiance
D:5:      layout_basic
D:6:      layout_rooms, minmay_temple_entry_arrows, uniq_pikel, uniq_menkaure
D:7:      layout_loops_ring, minmay_small_thing
D:8:      layout_rooms, lemuel_doored_altar

Skill      XL: |  1  2  3  4  5  6  7  8 |
---------------+-------------------------+-----
Dodging        | 2 3 4 |  4.4
Maces & Flails | 4 5 6 7 |  7.8
Fighting       | 4 5 6 |  6.2
Armour         | 3 4 |  4.9
Stealth        | 1 2 |  2.4

Action                   |  1- 3 |  4- 6 |  7- 9 || total
-------------------------+-------+-------+-------++-------
Melee: Mace              |    86 |   194 |   205 ||   485
       Punch             |       |     1 |     3 ||     4
Throw: Stone             |       |     3 |       ||     3
Invok: Berserk           |       |     2 |     4 ||     6
  Use: Scroll            |     3 |     1 |       ||     4
 Stab: Sleeping          |       |       |     2 ||     2
Armor: Animal skin       |    30 |       |       ||    30
       Leather armour    |     5 |    70 |   102 ||   177
Dodge: Dodged            |    65 |   109 |   126 ||   300
